 Dungeon Crawl Stone Soup version 0.13-a0-2450-ga447c6a (webtiles) character file.

2303 M4edhros the Covert (level 9, -4/54 HPs)
             Began as an Octopode Artificer on July 18, 2013.
             Was an Initiate of Okawaru.
             Slain by an orc warrior
             ... wielding a +1,+2 orcish trident
              (13 damage)
             ... on Level 7 of the Dungeon.
             The game lasted 00:11:58 (8039 turns).

M4edhros the Covert (Octopode Artificer)            Turns: 8039, Time: 00:11:58

HP  -4/54        AC  1     Str 10      XL: 9   Next: 11%
MP  13/13        EV 10     Int 17      God: Okawaru [......]
Gold 471         SH 17     Dex 13      Spells:  0 memorised,  8 levels left

Res.Fire  : . . .   See Invis. : .   f - +2,+3 orc dagger (drain)
Res.Cold  : . . .   Warding    : .   g - +0 shield
Life Prot.: . . .   Conserve   : .   (helmet restricted)
Res.Poison: .       Res.Corr.  : .   (no amulet)
Res.Elec. : .       Clarity    : .   (no ring)
Sust.Abil.: . .     Spirit.Shd : .   (no ring)
Res.Mut.  : .       Stasis     : .   (no ring)
Res.Rott. : .       Flight     : .   (no ring)
Saprovore : . . .                    (no ring)
                                     (no ring)
                                     (no ring)
                                     (no ring)

@: slightly resistant to hostile enchantments, extremely stealthy
A: almost no armour, amphibious, 8 rings, constrict 8, camouflage 1, AC +1
a: Renounce Religion


You were on level 7 of the Dungeon.
You worshipped Okawaru.
Okawaru was noncommittal.
You were not hungry.

You visited 1 branch of the dungeon, and saw 8 of its levels.

You collected 451 gold pieces.

Inventory:

Hand weapons
 a - a +0,+0 short sword
 f - a +2,+3 orcish dagger of draining (weapon)
Missiles
 F - 8 poisoned javelins (quivered)
Armour
 g - a +0 shield (worn)
 t - a +1 dwarven buckler
Magical devices
 b - a wand of flame (6)
 c - a wand of enslavement (5)
 d - a wand of random effects (9)
 e - a wand of flame (9)
 J - a wand of random effects (12)
 P - a wand of enslavement (11)
Comestibles
 h - a meat ration
 k - 4 apples
 s - 2 pears
 I - 3 bread rations
 L - a choko
Scrolls
 j - 2 scrolls of fog {unknown}
 l - 3 scrolls of curse armour {unknown}
 m - 3 scrolls of identify {unknown}
 n - 3 scrolls of curse jewellery {unknown}
 o - 2 scrolls of recharging
 p - 3 scrolls of amnesia {unknown}
 q - 2 scrolls of blinking {unknown}
 w - 5 scrolls of remove curse {unknown}
 x - a scroll of enchant armour {unknown}
 y - a scroll of curse weapon {unknown}
 A - a scroll of random uselessness {unknown}
 G - 2 scrolls of noise {unknown}
 K - 2 scrolls of enchant weapon I {unknown}
 N - 2 scrolls of teleportation {unknown}
 O - a scroll of fear {unknown}
Jewellery
 i - an uncursed ring of invisibility {unknown}
 z - an uncursed ring of flight {unknown}
 C - an uncursed amulet of resist corrosion {unknown}
Potions
 r - 2 potions of berserk rage
 u - a potion of agility
 v - a potion of confusion {unknown}
 B - a potion of speed {unknown}
 D - 3 potions of restore abilities
 E - 2 potions of might {unknown}
 H - a potion of paralysis {unknown}
 M - 2 potions of curing


   Skills:
 - Level 1.0 Fighting
 + Level 5.8 Short Blades
 - Level 2.0 Dodging
 * Level 12.1 Stealth
 + Level 4.4 Shields
 - Level 2.1 Traps
 - Level 3.2 Evocations


You had 8 spell levels left.
You didn't know any spells.

Dungeon Overview and Level Annotations

Branches:
Dungeon (8/27)             Temple (0/1) D:7             Orc (0/4) D:7
   Lair: D:8-13

Altars:
Cheibriados
Fedhas
Nemelex Xobeh
Okawaru
Zin
Beogh


Innate Abilities, Weirdness & Mutations

You cannot wear most types of armour.
You are amphibious.
You can wear up to eight rings at the same time.
You can use your tentacles to constrict many enemies at once.
Your skin changes colour to match your surroundings (Stlth).
Your rubbery body absorbs attacks (AC +1).


Message History

The orc warrior is heavily wounded.
You constrict the orc warrior, but do no damage.
The orc warrior hits you with an orcish trident!
You hit the orc warrior.
The orc warrior is heavily wounded.
You constrict the orc warrior, but do no damage.
You hit the orc warrior. You drain the orc warrior!
The orc warrior is severely wounded.
You constrict the orc warrior, but do no damage.
The orc warrior hits you with an orcish trident!
* * * LOW HITPOINT WARNING * * *
You hit the orc warrior but do no damage.
You drain the orc warrior! Your squeeze misses the orc warrior.
The orc warrior is severely wounded.
You constrict the orc warrior. You hit the orc warrior.
The orc warrior is almost dead.
You constrict the orc warrior, but do no damage.
The orc warrior hits you with an orcish trident!
You die...

############
(..........###########
#########............#
#########..#########.#
#..........# #.#
#.########.#########.# #.#
#..@oz....#.# ##### #.#
########....# ##...# ##.#
##.###.###.###. #..# #####.#
#.oz#.## ## ####.##########.....#
#.#.<.# #
#.........>.....#.#.###...#.# ##
#.#.............#.#..###.###.###.
#.#..##########.#.#.#....# #...#
#.#...#.............##.#># ##(##


You could see an orc warrior and a killer bee zombie.

Vanquished Creatures
  Grinder (D:5)
  A sky beast (D:6)
  2 ice beasts
  3 orc wizards
  2 orc warriors (D:7)
  An ogre (D:7)
  Blork the orc (D:5)
  3 wights (D:6)
  A centaur (D:6)
  A giant frog (D:7)
  2 crimson imps
  3 hounds
  3 orc priests
  A scorpion (D:7)
  4 worker ants
  Jessica (D:2)
  A hound skeleton (D:5)
  6 adders
  6 gnolls
  2 giant mites
  2 inept feature mimics
  4 worms
  An adder skeleton (D:7)
  3 giant geckos
  An ooze (D:3)
  24 orcs
  A ball python (D:1)
  13 bats
  A bat skeleton (D:6)
  7 giant cockroaches
  16 hobgoblins
  4 jackals (D:3)
  A quokka (D:3)
  6 giant newts
  11 goblins
  A hobgoblin skeleton (D:4)
  12 kobolds
  10 rats
163 creatures vanquished.

Vanquished Creatures (collateral kills)
  The ghost of M4edhros the Sneak, an average OpAr (D:4)
  A wight (D:6)
  2 orc priests
  A gnoll (D:7)
  3 orcs
8 creatures vanquished.

Vanquished Creatures (others)
  An orc (D:7)
  A kobold (D:7)
  A rat (D:6)
3 creatures vanquished.

Grand Total: 174 creatures vanquished

Notes
Turn   | Place    | Note
--------------------------------------------------------------
     0 | D:1      | M4edhros, the Octopode Artificer, began the quest for the Orb.
     0 | D:1      | Reached XP level 1. HP: 14/14 MP: 1/1
   154 | D:1      | Reached XP level 2. HP: 8/19 MP: 3/3
   439 | D:2      | Reached XP level 3. HP: 18/24 MP: 4/4
   902 | D:2      | Found a sparkling altar of Nemelex Xobeh.
   902 | D:2      | Found a glowing silver altar of Zin.
   928 | D:2      | Reached skill level 4 in Stealth
  1046 | D:4      | Reached XP level 4. HP: 15/29 MP: 6/6
  1757 | D:4      | Noticed M4edhros' ghost (average OpAr)
  1777 | D:4      | Killed M4edhros' ghost
  1777 | D:4      | Reached skill level 5 in Stealth
  1777 | D:4      | Reached XP level 5. HP: 24/34 MP: 7/7
  1907 | D:3      | Reached skill level 6 in Stealth
  2021 | D:4      | Reached XP level 6. HP: 6/39 MP: 9/9
  2343 | D:4      | Reached skill level 7 in Stealth
  2914 | D:4      | Found a snail-covered altar of Cheibriados.
  2929 | D:4      | Found a staircase to the Ecumenical Temple.
  2950 | D:4      | the staircase to the Ecumenical Temple was a mimic.
  3047 | D:5      | Entered Level 5 of the Dungeon
  3047 | D:5      | Noticed Blork the orc
  3048 | D:5      | Killed Blork the orc
  3048 | D:5      | Reached skill level 8 in Stealth
  3048 | D:5      | Reached XP level 7. HP: 30/44 MP: 10/10
  3059 | D:5      | Reached skill level 1 in Shields
  3233 | D:5      | Noticed Grinder
  3241 | D:5      | Killed Grinder
  3241 | D:5      | Reached skill level 9 in Stealth
  3444 | D:5      | Reached XP level 8. HP: 50/50 MP: 12/12
  3680 | D:6      | Reached skill level 10 in Stealth
  3744 | D:6      | Reached skill level 5 in Short Blades
  4793 | D:7      | Reached skill level 11 in Stealth
  4797 | D:7      | Found a roughly hewn altar of Beogh.
  4818 | D:8      | Found an iron altar of Okawaru.
  4839 | D:8      | Became a worshipper of Warmaster Okawaru
  5019 | D:7      | Found a staircase to the Ecumenical Temple.
  5706 | D:7      | Found a staircase to the Orcish Mines.
  6422 | D:3      | Found a blossoming altar of Fedhas.
  6725 | D:2      | Noticed Jessica
  6733 | D:2      | Killed Jessica
  7847 | D:7      | Reached XP level 9. HP: 54/54 MP: 13/13
  7858 | D:7      | Reached skill level 12 in Stealth
  8039 | D:7      | Slain by an orc warrior

Action                   |  1- 3 |  4- 6 |  7- 9 || total
-------------------------+-------+-------+-------++-------
Melee: Short sword       |    54 |    47 |       ||   101
       Dagger            |       |    33 |   242 ||   275
Evoke: Wand              |     1 |    12 |    12 ||    25
  Use: Potion            |       |     5 |     3 ||     8
 Stab: Sleeping          |     6 |     3 |    37 ||    46
